Map: Efflorescence LE

Players

ZerKlink - Winner!

  • Race: Zerg Zerg
  • Spawn Location: 12:00

Gannet - Winner!

  • Race: Terran Terran
  • Spawn Location: 3:00

qqq

  • Race: Zerg Zerg
  • Spawn Location: 9:00

Massa

  • Race: Terran Terran
  • League: Platinum
  • Spawn Location: 6:00

VOD

Have the link to the VOD?

Description

Time

  • Played on: Oct. 9, 2020, 1:54 p.m.
  • Length: 4:44
Show
View Real Time Build Order
Export as new Build Order

ZerKlink Zerg - Winner!

Build Orders: Hatch First 

Get SALT Encoding   

  12  0:01  Drone  
  13  0:08  Drone  
  14  0:24  Extractor x2  
  14  0:25  Drone x2  
  16  0:31  Overlord  
  16  0:52  Drone  
  16  0:56  Drone  
  18  0:59  Hatchery  
  18  1:02  Drone  
  18  1:13  Extractor  
  18  1:16  Spawning Pool  
  16  1:18  Drone  
  16  1:22  Drone  
  18  1:29  Drone  
  19  1:48  Hatchery  
  19  1:53  Drone  
  19  1:55  Overlord  
  19  2:11  Queen  
  21  2:15  Queen  
  23  2:24  Metabolic Boost  
  23  2:29  Drone  
  24  2:38  Zergling x2  
  24  2:40  Zergling x2  
  26  2:51  Queen  
  26  2:55  Zergling x6  
  26  2:56  Zergling x4  
  33  3:03  Zergling x4  
  35  3:10  Zergling x4  
  37  3:16  Overlord  
  37  3:18  Zergling x4  
  39  3:21  Zergling x4  
  39  3:23  Zergling x2  
  42  3:29  Overlord  
  42  3:43  Drone  
  42  3:44  Drone  
  42  3:46  Drone x2  
  42  3:47  Zergling x6  
  39  4:25  Zergling x2  
  39  4:26  Zergling x22  
Show
View Real Time Build Order
Export as new Build Order

Gannet Terran - Winner!

Build Orders:  

Get SALT Encoding   

  12  0:01  SCV  
  13  0:13  SCV  
  14  0:19  Supply Depot  
  14  0:25  SCV  
  15  0:40  SCV  
  16  0:43  Barracks  
  16  0:46  Refinery  
  16  0:57  Barracks  
  16  1:06  Refinery  
  16  1:08  SCV  
  17  1:25  Barracks  
  17  1:29  SCV  
  18  1:35  Reaper  
  19  1:51  Orbital Command  
  19  1:58  Reaper  
  20  2:06  Supply Depot  
  20  2:12  Reaper  
  21  2:18  SCV  
  22  2:31  SCV  
  22  2:36  Reaper x2  
  25  2:43  SCV  
  25  2:48  Factory  
  25  2:52  Reaper  
  26  2:59  SCV  
  26  3:00  Supply Depot  
  27  3:12  SCV  
  28  3:17  Reaper x2  
  30  3:24  SCV  
  31  3:32  Starport  
  31  3:33  Factory Tech Lab  
  31  3:36  SCV  
  31  3:40  Reaper  
  33  3:46  Bunker  
  33  3:48  SCV  
  34  4:00  SCV, Reaper x2  
Show
View Real Time Build Order
Export as new Build Order

qqq Zerg 

Build Orders: Hatch First 

Get SALT Encoding   

  12  0:07  Drone  
  13  0:15  Drone  
  14  0:38  Hatchery  
  14  0:41  Drone  
  14  0:54  Overlord  
  14  1:07  Spawning Pool  
  14  1:09  Drone  
  14  1:14  Drone  
  14  1:17  Extractor  
  14  1:20  Drone  
  15  1:27  Drone  
  16  1:44  Drone x2  
  18  1:55  Drone  
  18  1:56  Drone  
  18  1:57  Queen  
  22  2:03  Drone  
  22  2:05  Drone  
  23  2:17  Drone  
  23  2:19  Queen  
  26  2:25  Metabolic Boost  
  26  2:30  Overlord  
  26  2:32  Zergling x2  
  26  2:35  Drone  
  28  2:46  Overlord  
  28  2:49  Drone x2  
  28  2:50  Zergling x2  
  31  3:00  Drone  
  31  3:01  Zergling x2  
  33  3:10  Zergling x2  
  33  3:11  Drone  
  35  3:16  Zergling x2  
  35  3:17  Zergling x4  
  35  3:18  Drone  
  39  3:24  Overlord  
  39  3:33  Drone x3  
  42  3:46  Drone, Zergling x2, Baneling Nest  
  40  3:58  Zergling x4  
  40  3:59  Zergling x2  
  40  4:00  Zergling x6  
  41  4:20  Zergling x10  
Show
View Real Time Build Order
Export as new Build Order

Massa Terran 

Build Orders:  

Get SALT Encoding   

  12  0:02  SCV  
  13  0:14  SCV  
  14  0:17  Supply Depot  
  14  0:26  SCV  
  15  0:39  SCV  
  15  0:40  Barracks  
  16  0:51  SCV  
  16  0:53  Refinery  
  17  1:03  SCV  
  18  1:15  SCV  
  19  1:27  Marine  
  19  1:31  Orbital Command  
  20  1:41  Command Center  
  20  1:46  Reaper  
  21  1:57  SCV  
  22  2:09  SCV  
  22  2:14  Factory  
  23  2:31  Supply Depot  
  23  2:32  Refinery  
  23  2:34  Engineering Bay  
  23  2:44  Barracks Reactor  
  23  2:53  SCV  
  23  2:56  Orbital Command  
  24  3:05  SCV  
  24  3:14  Widow Mine  
  24  3:17  SCV  
  27  3:20  Marine x2  
  27  3:27  Supply Depot  
  29  3:29  SCV  
  30  3:36  Widow Mine, Starport  
  30  3:38  Marine x2  
  34  3:41  SCV  
  35  3:53  SCV  
  36  3:56  Marine x2  
  37  4:13  Marine  
  37  4:14  Marine  
  37  4:15  Hellion  
  38  4:44  Command Center  
Tags
 
Add a new tag
Caveats
  • Supply blocks, unpowered buildings, or Contaminate may cause inaccurate times.
  • Supply counts are checked every 10 seconds.